 Dungeon Crawl Stone Soup version 0.29.1-1-gd02db6906a (webtiles) character file.

Game seed: 12647618000487110344

55 quakins the Chiller (level 3, -1/24 HPs)
             Began as a Merfolk Ice Elementalist on Oct 10, 2022.
             Killed by divine providence
             ... invoked by an orc priest
              (16 damage)
             ... on level 3 of the Dungeon.
             The game lasted 00:03:26 (1676 turns).

quakins the Chiller (Merfolk Ice Elementalist)      Turns: 1676, Time: 00:03:26

Health: -1/24      AC:  5    Str:  8    XL:     3   Next: 93%
Magic:  8/8        EV: 12    Int: 16    God:
Gold:   135        SH:  0    Dex: 14    Spells: 8/9 levels left

rFire   x . .      SeeInvis .   l - +0 dagger (venom)
rCold   + . .      Faith    .   (no shield)
rNeg    . . .      Spirit   .   d - +2 leather armour {rPois}
rPois   +          Reflect  .   (no helmet)
rElec   .          Harm     .   (no cloak)
rCorr   .          Rampage  .   (no gloves)
Will    .....                   (no boots)
Stlth   ++........              (no amulet)
HPRegen 0.08/turn               f - ring of ice
MPRegen 0.11/turn               (no ring)

@: no status effects
A: (nimble swimmer 2), mertail
a: no special abilities


You were on level 3 of the Dungeon.
You visited 1 branch of the dungeon, and saw 3 of its levels.

You collected 135 gold pieces.

Inventory:

Hand Weapons
 j - a +1 dagger of draining
 l - a +0 dagger of venom (weapon)
Armour
 d - a +2 leather armour of poison resistance (worn)
Jewellery
 f - a ring of ice (left hand)
Scrolls
 c - a scroll of vulnerability {unknown}
 e - 2 scrolls of butterflies
 h - a scroll of blinking {unknown}
 m - a scroll of torment {unknown}
Potions
 a - 2 potions of heal wounds {unknown}
 b - a potion of magic
 g - a potion of resistance {unknown}
 i - 2 potions of curing {unknown}
 k - a potion of attraction {unknown}
 n - a potion of might {unknown}


   Skills:
 - Level 2.6 Dodging
 - Level 2.1 Stealth
 * Level 3.8 Spellcasting
 - Level 4.3 Ice Magic


You had 8 spell levels left.
You knew the following spells:

 Your Spells              Type           Power      Damage    Failure   Level
a - Freeze                Ice            100%       1d11      4%          1

Your spell library contained the following spells:

 Spells                   Type           Power      Damage    Failure   Level
 Frozen Ramparts          Ice            50%        1d8       12%         3
 Ozocubu's Armour         Ice            25%        N/A       12%         3
 Portal Projectile        Hex/Tloc       6%         N/A       58%         3
 Tukima's Dance           Hex            3%         N/A       58%         3
 Hailstorm                Conj/Ice       15%        3d5       71%         4
 Blade Hands              Tmut           1%         N/A       100%        5


Dungeon Overview and Level Annotations

Branches:
Dungeon (3/15)

Altars:
Xom


Innate Abilities, Weirdness & Mutations

((You are very nimble when in or above water. (Stealth+, EV+, Speed+++)))
Your lower body shifts to a powerful aquatic tail in water.


Message History

Partly explored, can't reach some places.
Partly explored, can't reach some places.
Really walk into that teleport trap?
You enter a teleport trap!
The teleport trap disappears.
Your surroundings suddenly seem different.
A hobgoblin comes into view.
A hobgoblin is nearby!
Found 4 gold pieces and a scroll of butterflies.
Aiming: Freeze (safe; 4% risk of failure)
Press: ? - help, Q - select action Shift-Dir - straight line, f - hobgoblin
Aim: a hobgoblin (asleep)
You feel a surge of power!
You freeze the hobgoblin!
You kill the hobgoblin!
Found a mace.
You now have 135 gold pieces (gained 4).
e - 2 scrolls of butterflies (gained 1)
An orc comes into view. It is wielding a +0 club.
An orc is nearby!
Found a fizzy cyan potion.
An orc comes into view. It is wielding a +0 dagger.
The orc shouts! x2
A phantom comes into view.
The orc moves out of view.
An orc comes into view. It is wielding a +0 club.
The orc shouts!
Found a stone staircase leading down.
You hear a shout!
An orc priest comes into view. It is wielding a +0 whip.
The orc attacks as you move away! The orc hits you with a +0 club.
The orc attacks as you move away! The orc barely misses you.
The orc attacks as you move away! The orc hits you but does no damage.
The orc attacks as you move away! The orc hits you but does no damage.
The orc attacks as you move away! The orc closely misses you.
The orc attacks as you move away! The orc hits you with a +0 club.
The orc attacks as you move away! The orc hits you with a +0 club.
The orc attacks as you move away! The orc hits you with a +0 club.
The orc priest invokes the aid of Beogh against you.
Beogh smites you!
Ouch! That really hurt!
You die...

####.#######.....##
#.#......#8.....8#
##...o..## .....#
##.....# 8...8#
##....## ##_##
##W...#######
##.o##....#
##...##..###
##...@.#.##
#...##.#.#
###.†.##.#.#
##.....##...#
##......###.##
#.####>####.####
###.###..........#
#...)...#........#
#..[..###.....<.>#


You could see a phantom, an orc priest and an orc.

Vanquished Creatures
  Terence (D:2)
  A worm (D:2)
  6 bats
  4 endoplasms
  A giant cockroach (D:2)
  3 hobgoblins
  2 ball pythons (D:2)
  A frilled lizard (D:3)
  2 goblins (D:2)
  3 kobolds
  5 rats
29 creatures vanquished.

Notes
Turn   | Place    | Note
-------+----------+-------------------------------------------
     0 | D:1      | quakins the Merfolk Ice Elementalist began the quest for
                  | the Orb.
     0 | D:1      | Reached XP level 1. HP: 13/13 MP: 3/3
   396 | D:1      | Reached XP level 2. HP: 19/19 MP: 1/5
  1305 | D:2      | Found a faded altar of an unknown god.
  1323 | D:2      | Reached XP level 3. HP: 22/23 MP: 3/7
  1419 | D:2      | Noticed Terence
  1425 | D:2      | Killed Terence
  1578 | D:3      | Found a shimmering altar of Xom.
  1653 | D:3      | Noticed a phantom
  1676 | D:3      | Killed from afar by an orc priest

Illustrated notes

Levels and vault maps discovered:
D:1:      wander_arrival_lonely_grave, layout_loops_ring
D:2:      layout_basic, shapermc_ecumenical_altar_starsandcircs, uniq_terence,
          uniq_crazy_yiuf_cottage
D:3:      minmay_inner_zag, layout_rooms, nicolae_overflow_hidden_temple,
          uniq_robin

Skill      XL: |  1  2 |
---------------+-------+-----
Spellcasting   | 3 |  3.8
Dodging        | |  2.6
Stealth        | |  2.1
Ice Magic      | |  4.3

Action                   || total
-------------------------++-------
Melee: Unarmed           ||     5
       Dagger            ||    10
 Cast: Freeze            ||    41
  Use: Scroll            ||     2
Armor: Robe              ||     8
       Leather armour    ||     9
Dodge: Dodged            ||    51
